 Dungeon Crawl Stone Soup version 0.20.0-15-g7f486f2 (webtiles) character file.

407 straycat the Nimble (level 6, 0/44 HPs)
             Began as a Vampire Gladiator on June 26, 2017.
             Slain by an orc priest
             ... wielding a +2 short sword of venom
              (1 damage)
             ... on level 3 of the Dungeon.
             The game lasted 00:14:03 (3958 turns).

straycat the Nimble (Vampire Gladiator)             Turns: 3958, Time: 00:14:04

Health: 0/44       AC:  5    Str: 13    XL:     6   Next: 57%
Magic:  6/6        EV: 18    Int: 10    God:
Gold:   205        SH:  0    Dex: 18    Spells: 5/5 levels left

rFire    . . .     SeeInvis +   a - +0 long sword
rCold    . . .     Gourm    .   (no shield)
rNeg     . . .     Faith    .   b - +0 leather armour
rPois    .         Spirit   .   c - +0 helmet
rElec    .         Reflect  .   f - +0 cloak
rCorr    .         Harm     +   (no gloves)
MR       .....                  (no boots)
Stlth    +.........             u - amulet of harm
Regen    0.4/turn               (no ring)
MPRegen  0.1/turn               (no ring)

@: lethally poisoned (0 -> -4), regenerating quickly, hasted, very quick
A: fangs 3, see invisible, unbreathing
a: no special abilities


You were on level 3 of the Dungeon.
You were very full.

You visited 1 branch of the dungeon, and saw 5 of its levels.

You collected 205 gold pieces.

Inventory:

Hand Weapons
 a - a +0 long sword (weapon)
Missiles
 d - 3 throwing nets
 k - 92 stones (quivered)
 o - 17 sling bullets
 r - 25 arrows
 v - 10 poisoned needles
Armour
 b - a +0 leather armour (worn)
 c - a +0 helmet (worn)
 f - a +0 cloak (worn)
 y - a +0 ring mail
Jewellery
 h - an uncursed amulet of regeneration
 u - an amulet of harm (around neck)
 x - a cursed amulet of inaccuracy {unknown}
Scrolls
 l - a scroll of blinking {unknown}
 m - a scroll of amnesia {unknown}
 n - a scroll of enchant weapon {unknown}
 p - a scroll of identify {unknown}
 q - a scroll of fog {unknown}
 t - 2 scrolls of fear {unknown}
Potions
 e - 13 potions of blood
 g - a potion of lignification {unknown}
 i - 2 potions of invisibility {unknown}
 j - a potion of haste
 s - a potion of heal wounds {unknown}
 w - a potion of ambrosia {unknown}


   Skills:
 - Level 1.7 Fighting
 - Level 3.0 Long Blades
 - Level 1.5 Throwing
 * Level 8.2 Dodging


You had 5 spell levels left.
You didn't know any spells.

Dungeon Overview and Level Annotations

Branches:
Dungeon (5/15)
 Temple: D:4-7

Altars:
Dithmenos
Qazlal
The Shining One

Annotations:
D:4 robba's ghost, amateur DEEE


Innate Abilities, Weirdness & Mutations

Your natural rate of healing is unusually fast.
You have razor-sharp teeth.
You have supernaturally acute eyesight. (SInv)
You can survive without breathing.


Message History

You feel sick.
The orc priest hits you with a short sword of venom.
* * * LOW HITPOINT WARNING * * *
You are more poisoned.
Okay, then.
Okay, then.
You closely miss the orc priest.
The orc priest is moderately wounded.
* * * LOW HITPOINT WARNING * * *
You feel sick. The orc priest misses you.
You completely miss the orc priest.
The orc priest is moderately wounded.
You feel sick. The orc priest closely misses you.
The orc priest hits you with a short sword of venom.
* * * LOW HITPOINT WARNING * * *
It was a potion of haste.
You feel yourself speed up.
* * * LOW HITPOINT WARNING * * *
You feel sick.
The orc priest hits you with a short sword of venom.
You die...

########## #.# #...<. #.# ######
#.# ## #######.# #.
##########.......## ##### #.
...........#####..###...########.
##########.# #..............)..
##.#####.####...#######.#
#.......@o.......# #.#
##.#######.###.#.# #.# #.# #.#
#.#.# #.# #.# #.# #.#.# #.# #.#
#.###.#.#### #.. #.# #..........#
##. #.# #####.#o##.# #. #.#
#.#.##.## #. ##### #.#
#.#!#...###o


You could see an orc priest.

Vanquished Creatures
  Sigmund (D:2)
  Jessica (D:3)
  An iguana (D:4)
  Natasha (twice) (D:3)
  A worker ant (D:4)
  2 adders (D:2)
  An ooze (D:3)
  4 worms
  2 dart slugs
  4 leopard geckos
  9 orcs
  2 ball pythons
  11 bats
  3 giant cockroaches (D:2)
  4 goblins
  9 hobgoblins
  A quokka (D:3)
  6 frilled lizards
  6 kobolds
  6 rats
  2 bushes (D:1)
  2 fungi (D:2)
  2 plants (D:1)
82 creatures vanquished.

Vanquished Creatures (others)
  A fungus (D:2)
1 creature vanquished.

Grand Total: 83 creatures vanquished

Notes
Turn   | Place    | Note
-------+----------+-------------------------------------------
     0 | D:1      | straycat the Vampire Gladiator began the quest for the Orb.
     0 | D:1      | Reached XP level 1. HP: 16/16 MP: 1/1
   413 | D:1      | Reached skill level 4 in Dodging
   413 | D:1      | Reached XP level 2. HP: 16/22 MP: 2/2
  1636 | D:2      | Reached XP level 3. HP: 27/27 MP: 3/3
  1906 | D:2      | Noticed Sigmund
  1923 | D:2      | Killed Sigmund
  1923 | D:2      | Reached skill level 6 in Dodging
  1923 | D:2      | Reached XP level 4. HP: 14/33 MP: 4/4
  1923 | D:2      | Reached XP level 5. HP: 17/38 MP: 5/5
  2216 | D:2      | Reached skill level 7 in Dodging
  2886 | D:3      | Noticed Jessica
  2892 | D:3      | Killed Jessica
  2918 | D:3      | You fall through a shaft for 2 floors!
  2918 | D:5      | Entered Level 5 of the Dungeon
  3009 | D:5      | Reached XP level 6. HP: 44/44 MP: 6/6
  3232 | D:4      | Found a stormy altar of Qazlal.
  3318 | D:4      | Noticed robba's ghost (amateur DEEE)
  3382 | D:3      | Noticed Natasha
  3392 | D:3      | Killed Natasha
  3513 | D:3      | Reached skill level 8 in Dodging
  3584 | D:3      | Found a glowing golden altar of the Shining One.
  3585 | D:3      | Found a shadowy altar of Dithmenos.
  3614 | D:3      | Noticed Natasha
  3628 | D:3      | Killed Natasha
  3957 | D:3      | HP: 1/44 [orc priest/short sword of venom (4)]
  3958 | D:3      | Slain by an orc priest

Skill      XL: |  1  2  3  4  5  6 |
---------------+-------------------+-----
Dodging        | 4 6 7 8 |  8.2
Fighting       | |  1.7
Long Blades    | |  3.0
Throwing       | |  1.5

Action                   |  1- 3 |  4- 6 || total
-------------------------+-------+-------++-------
Melee: Long sword        |   400 |   155 ||   555
       Bite              |    66 |    18 ||    84
 Abil: End Transformatio |       |     1 ||     1
       Bat Form          |       |     1 ||     1
  Use: Potion            |     1 |    13 ||    14
 Stab: Sleeping          |     1 |     6 ||     7
  Eat: Corpse            |     2 |     2 ||     4
Armor: Leather armour    |    16 |    39 ||    55
Dodge: Dodged            |    74 |   122 ||   196
       Rpst.: Long sword |    27 |    29 ||    56
